 Dungeon Crawl Stone Soup version 0.31-a0-940-gdaa99269f9 (webtiles) character file.

Game seed: 4836014007549919141

1749042 Forgeling the Merry Kobold (level 27, 196/196 HPs)
             Began as a Kobold Monk on Oct 20, 2023.
             Was a High Priest of Okawaru.
             Escaped with the Orb
             ... and 3 runes!
             The game lasted 02:20:03 (62045 turns).

Forgeling the Merry Kobold (Kobold Monk)           Turns: 62045, Time: 02:20:04

Health: 196/196    AC: 20    Str: 19    XL:     27
Magic:  9/9        EV: 48    Int: 16    God:    Okawaru [*****.]
Gold:   4092       SH:  5    Dex: 37    Spells: 26/26 levels left

rFire   + + .        a - +4 triple crossbow of Viuz {antimagic, rElec rCorr}
rCold   + + .        (shield currently unavailable)
rNeg    + . .        b - +1 leather armour of the Devil {Drain rElec Regen+ Dex+9}
rPois   .            s - +3 helmet of Omission {rF+}
rElec   +            c - +2 cloak {rF+}
rCorr   +            z - +2 pair of gloves {Str+3}
SInv    +            o - +0 pair of boots "Utytauxe" {rN+ rCorr}
Will    +++++        f - amulet "Femoataw" {Reflect rC++ SH+5}
Stlth   ++++         p - ring "Zuimolaq" {+Blink Will+ Str+2 Dex+3 Slay+2}
HPRegen 1.32/turn    j - ring of Uskayaw's Whim {Wiz Will++ MP-9 Str+4 SInv}
MPRegen 0.11/turn

%: reflection, clarity, wizardry (x1)
@: no status effects
A: small, no large weapons, nightstalker 3, clarity
0: Orb of Zot
}: 3/15 runes: decaying, silver, gossamer
a: Renounce Religion, Evoke Blink, Heroism, Finesse, Duel


You escaped.
You worshipped Okawaru.
Okawaru was extremely pleased with you.
You visited 10 branches of the dungeon, and saw 48 of its levels.
You visited 1 bazaar.
You also visited: Volcano and Wizlab.

You collected 7922 gold pieces.
You spent 3830 gold pieces at shops.

Inventory:

Hand Weapons
 a - the +4 triple crossbow of Viuz (weapon) {antimagic, rElec rCorr}
   (Okawaru gifted it to you on level 4 of the Swamp)

   rElec:     It insulates you from electricity.
   rCorr:     It protects you from acid and corrosion.
Missiles
 l - 11 curare-tipped darts
Armour
 b - the +1 leather armour of the Devil (worn) {Drain rElec Regen+ Dex+9}
   (You bought it in a shop on level 1 of the Orcish Mines)

   Dex+9:     It affects your dexterity (+9).
   rElec:     It insulates you from electricity.
   Regen+:    It increases your rate of health regeneration.
   Drain:     It drains your maximum health when unequipped.
 c - a +2 cloak of fire resistance (worn)
 o - the +0 pair of boots "Utytauxe" (worn) {rN+ rCorr}
   (Okawaru gifted it to you on level 1 of the Vaults)

   rN+:       It protects you from negative energy.
   rCorr:     It protects you from acid and corrosion.
 s - the +3 helmet of Omission (worn) {rF+}
   (You found it on level 1 of the Spider Nest)

   rF+:       It protects you from fire.
 z - a +2 pair of gloves of strength (worn)
Jewellery
 f - the amulet "Femoataw" (around neck) {Reflect rC++ SH+5}
   (You bought it in a shop on level 14 of the Dungeon)

   [amulet of reflection]

   Reflect:   It reflects blocked missile attacks.
   rC++:      It greatly protects you from cold.
   SH+5:      It affects your SH (+5).
 j - the ring of Uskayaw's Whim (right hand) {Wiz Will++ MP-9 Str+4 SInv}
   (You bought it in a shop on level 3 of the Elven Halls)

   [ring of wizardry]

   Wiz:       It improves your spell success rate.
   Str+4:     It affects your strength (+4).
   Will++:    It greatly increases your willpower.
   MP-9:      It affects your magic capacity (-9).
   SInv:      It lets you see invisible.
 n - the ring of Werosar {rF+ rN+ Will+}
   (You took it off a yaktaur captain on level 5 of the Vaults)

   [ring of positive energy]

   rF+:       It protects you from fire.
   rN+:       It protects you from negative energy.
   Will+:     It increases your willpower.
 p - the ring "Zuimolaq" (left hand) {+Blink Will+ Str+2 Dex+3 Slay+2}
   (You found it on level 1 of the Swamp)

   [ring of willpower]

   Str+2:     It affects your strength (+2).
   Dex+3:     It affects your dexterity (+3).
   Slay+2:    It affects your accuracy & damage with ranged weapons and melee
   (+2).
   Will+:     It increases your willpower.
   +Blink:    It lets you blink.
 A - the ring of Kewaff {rElec rPois Dex+6}
   (You found it on level 5 of the Vaults)

   [ring of poison resistance]

   Dex+6:     It affects your dexterity (+6).
   rElec:     It insulates you from electricity.
   rPois:     It protects you from poison
Wands
 d - a wand of digging (18)
 e - a wand of paralysis (14)
 h - a wand of light (17)
 i - a wand of roots (44)
 y - a wand of mindburst (19)
Scrolls
 m - 16 scrolls of enchant weapon
 t - 2 scrolls of brand weapon
 x - 6 scrolls of enchant armour
 D - 7 scrolls of blinking
 E - 6 scrolls of fear
 F - 9 scrolls of fog
 K - 13 scrolls of immolation
 L - a scroll of torment
 O - 3 scrolls of silence
 P - 7 scrolls of poison
 V - 5 scrolls of vulnerability
 X - a scroll of revelation {@r4}
 Y - 20 scrolls of teleportation {@r3}
 Z - 13 scrolls of identify {@r1}
Potions
 k - 5 potions of enlightenment
 B - 7 potions of brilliance
 C - 2 potions of cancellation
 G - 3 potions of ambrosia
 H - 12 potions of haste
 I - 3 potions of invisibility
 J - 14 potions of curing {@q1}
 M - 3 potions of might
 N - 6 potions of heal wounds {@q2}
 Q - a potion of magic
 R - 9 potions of resistance
 T - 3 potions of berserk rage
 U - 8 potions of mutation
Miscellaneous
 g - a condenser vane
 r - a phial of floods
 v - a lightning rod (4/4)


   Skills:
 + Level 26.0 Fighting
 - Level 4.0 Short Blades
 O Level 27 Ranged Weapons
 + Level 17.2 Armour
 - Level 22.0 Dodging
 - Level 22.0 Stealth
 - Level 20.0 Invocations
 - Level 17.0 Evocations


You had 26 spell levels left.
You didn't know any spells.
Your spell library contained the following spells:

 Spells                   Type           Power      Damage    Failure   Level
 Apportation              Tloc           0%         N/A       12%         1
 Magic Dart               Conj           0%         1d3       12%         1
 Necrotise                Necr           0%         1d4       12%         1
 Shock                    Conj/Air       0%         1d3       12%         1
 Sting                    Tmut/Pois      0%         1d3       12%         1
 Blink                    Tloc           0%         N/A       16%         2
 Jinxbite                 Hex            0%         N/A       16%         2
 Momentum Strike          Conj/Tloc      0%         3d8       16%         2
 Poisonous Vapours        Pois/Air       0%         N/A       16%         2
 Searing Ray              Conj           0%         2d4       16%         2
 Static Discharge         Conj/Air       0%         3-3/arc   16%         2
 Inner Flame              Hex/Fire       0%         N/A       32%         3
 Mephitic Cloud           Conj/Pois/Air  0%         N/A       32%         3
 Ozocubu's Armour         Ice            0%         N/A       32%         3
 Stone Arrow              Conj/Erth      0%         3d7       32%         3
 Vampiric Draining        Necr           0%         2d6       32%         3
 Volatile Blastmotes      Fire/Tloc      0%         2d10      32%         3
 Airstrike                Air            0%         2d(0-16)  69%         4
 Brom's Barrelling Bould  Conj/Erth      0%         2d3       69%         4
 Fulminant Prism          Conj/Hex       0%         3d5       69%         4
 Iskenderun's Mystic Bla  Conj/Tloc      0%         2d3       69%         4
 Manifold Assault         Tloc           0%         N/A       69%         4
 Passage of Golubria      Tloc           0%         N/A       69%         4
 Petrify                  Tmut/Erth      0%         N/A       69%         4
 Vhi's Electric Charge    Tloc/Air       0%         N/A       69%         4
 Agony                    Necr           0%         N/A       95%         5
 Alistair's Intoxication  Tmut/Pois      0%         N/A       95%         5
 Arcjolt                  Conj/Air       0%         1d10      95%         5
 Fireball                 Conj/Fire      0%         3d3       95%         5
 Freezing Cloud           Conj/Ice/Air   0%         6-21      95%         5
 Iskenderun's Battlesphe  Conj           0%         2d6       95%         5
 Metabolic Englaciation   Hex/Ice        0%         N/A       95%         5
 Yara's Violent Unravell  Hex/Tmut       0%         3d3       95%         5
 Bombard                  Conj/Erth      0%         9d1       100%        6
 Conjure Ball Lightning   Conj/Air       0%         3x3d6     100%        6
 Dispersal                Tloc           0%         N/A       100%        6
 Eringya's Noxious Bog    Tmut/Pois      0%         4d6       100%        6
 Enfeeble                 Hex            0%         N/A       100%        7
 Orb of Destruction       Conj           0%         9d5       100%        7
 Disjunction              Tloc           0%         N/A       100%        8
 Lehudib's Crystal Spear  Conj/Erth      0%         10d2      100%        8
 Maxwell's Capacitive Co  Air            0%         ∞         100%        8
 Chain Lightning          Conj/Air       0%         N/A       100%        9
 Polar Vortex             Ice            0%         N/A       100%        9
 Summon Small Mammal      Summ           Unusable   N/A       N/A         1
 Tukima's Dance           Hex            Unusable   N/A       N/A         3
 Animate Armour           Summ/Erth      Unusable   N/A       N/A         4
 Summon Lightning Spire   Summ/Air       Unusable   N/A       N/A         4
 Simulacrum               Ice/Necr       Unusable   N/A       N/A         6
 Spellforged Servitor     Conj/Summ      Unusable   N/A       N/A         7
 Summon Hydra             Summ           Unusable   N/A       N/A         7

Dungeon Overview and Level Annotations

Branches:
Dungeon (15/15)            Temple (1/1) D:6            Lair (5/5) D:9
  Swamp (4/4) Lair:2       Spider (4/4) Lair:2        Slime (0/5) Lair:5
    Orc (2/2) D:11            Elf (3/3) Orc:2        Vaults (5/5) D:14
  Crypt (0/3) Vaults:2     Depths (4/4) D:15            Zot (5/5) Depths:4
Volcano (visited)          WizLab (visited)

Altars:
Ashenzari
Cheibriados
Dithmenos
Elyvilon
Fedhas
Gozag
Hepliaklqana
Kikubaaqudgha
Makhleb
Nemelex Xobeh
Okawaru
Qazlal
Ru
Sif Muna
Trog
Uskayaw
Vehumet
Wu Jian
Xom
Yredelemnul
Zin
The Shining One

Shops:
D:3 =   D:10 =   D:11 (   D:14 =   Orc:1 ?[*   Orc:2 [[?   Elf:2 :   Elf:3 :(=
Vaults:1 *[*   Zot:3 *   Depths:1 *

Portals:
Hell: Depths:1 Depths:2 Depths:4
Abyss: Depths:3
Pandemonium: Depths:2
Ziggurat: Depths:1

Annotations:
D:3 Grinder
Depths:1 2 transporters


Innate Abilities, Weirdness & Mutations

You are small and have problems with some larger weapons.
You are completely attuned to the shadows.
You possess an exceptional clarity of mind.


Message History

There is a stone staircase leading up here.
You climb upwards.
Level annotation: Grinder
There is a stone staircase leading down here.
What level of the Dungeon? (default 1, ? - help)
A ynoxinul comes into view.
You shoot a bolt. The bolt hits the ynoxinul!!!
You kill the ynoxinul!
No target in view!
No target in view!
What level of the Dungeon? (default 1, ? - help)
An Orb Guardian comes into view.
You shoot a bolt. The bolt hits the Orb Guardian.
The Orb Guardian is lightly wounded.
You shoot a bolt.
The bolt closely misses the Orb Guardian.
You shoot a bolt. The bolt hits the Orb Guardian!
The Orb Guardian is moderately wounded.
The Orb Guardian hits you!!
You shoot a bolt.
The bolt closely misses the Orb Guardian.
The Orb Guardian hits you!!
You shoot a bolt. The bolt hits the Orb Guardian!!!
The Orb Guardian is severely wounded.
You shoot a bolt. The bolt hits the Orb Guardian!!
The Orb Guardian is almost dead.
You shoot a bolt. The bolt hits the Orb Guardian!
You kill the Orb Guardian!
You see here a +0 dagger.
There is a stone staircase leading up here.
You climb upwards.
There is a stone staircase leading down here.
What level of the Dungeon? (default 1, ? - help)
An orange demon comes into view.
Unknown command.
There is an escape hatch in the ceiling here.
A mysterious force pulls you upwards. The hatch slams shut behind you.
HP restored.
There is a staircase leading out of the dungeon here.
You have escaped!

## #.#######.#######
#.#.....#.......#
#.#.###.#.#####.#
#.#.#.#.#.#.....#
#.#.#..[#.#.#####
#.#.#####.#.#...#
#.#.......#.#.#.#
#.#######.#.#.#.#
#.........#.#@#.#
#.#######.#.#.#.#
####.#.......#.#.#.#
..>..#####.#.#.#.#.#
####.#...#.#.#...#.#
#.#.#.#.#.#####.#
#[#.#.#.#.#.....#
####.#.###.#.#.#####
#....#...!.#.......#


There were no monsters in sight!

Vanquished Creatures
  3 dread liches
  6 orbs of fire (Zot:5)
  3 ancient liches
  Sojobo (Arena)
  9 Killer Klowns
  3 curse toes
  6 golden dragons
  Jory (Depths:4)
  3 electric golems
  8 tentacled monstrosities
  2 liches
  Jorgrun (D:13)
  26 Orb Guardians
  Asterion (Vaults:2)
  An Ice Fiend (D:11)
  2 deep elf blademasters (Elf:3)
  4 sphinxes
  6 titans
  5 deep elf master archers
  3 thorn hunters
  5 quicksilver dragons
  An Executioner (Zot:4)
  4 death cobs
  13 storm dragons
  11 tengu reavers
  Aizul (Vaults:1)
  5 fenstrider witches
  5 frost giants
  9 shadow dragons
  7 draconian monks
  2 balrugs
  Louise (Spider:4)
  9 draconian scorchers
  5 draconian knights
  An emperor scorpion (shapeshifter) (Zot:4)
  5 ghost moths
  12 deep elf sorcerers
  2 deep elf elementalists (Elf:3)
  An iron dragon (Depths:4)
  17 vault wardens
  8 fire giants
  10 emperor scorpions
  6 draconian shifters
  2 juggernaut zombies
  4 angels
  6 orc warlords
  16 ironbound preservers
  20 very ugly things
  2 ghouls (Swamp:4)
  6 draconian stormcallers
  3 draconian annihilators
  4 broodmothers
  2 reapers
  3 spriggan defenders
  12 stone giants
  2 war gargoyles
  2 formless jellyfish
  A vampire knight (Depths:1)
  A stone giant (shapeshifter) (Vaults:5)
  12 black draconians
  7 ironbound thunderhulks
  4 bunyips
  4 deep elf demonologists (Elf:3)
  5 green draconians
  The ghost of SecretSquirrel the Marksfrog, a journeyman BaHu of Dithmenos (Lair:4)
  4 eleionomae
  9 white draconians
  The ghost of Zyxuithu the Black Belt, a journeyman MeSh (Lair:4)
  The ghost of pokeman the Sorcerer, a journeyman DEHW of Vehumet (Lair:4)
  7 deep elf annihilators
  The ghost of Runia the Nimble, a journeyman MfIE of Gozag (Lair:4)
  A minotaur (Lair:1)
  13 yellow draconians
  A yellow draconian (shapeshifter) (Zot:4)
  A black draconian (shapeshifter) (Zot:4)
  A green draconian (shapeshifter) (Zot:4)
  9 purple draconians
  13 red draconians
  8 dire elephants (Vaults:1)
  10 spark wasps
  8 ettins
  2 eidola (Vaults:3)
  7 deep elf death magi
  2 blizzard demons
  5 crystal guardians
  A green death (Depths:2)
  3 shambling mangroves
  Josephine (Orc:1)
  3 fire dragons
  4 entropy weavers
  An entropy weaver (shapeshifter) (Vaults:5)
  2 spriggan zombies
  4 deep elf high priests
  5 rakshasas
  11 great orbs of eyes
  2 jorogumos (Spider:1)
  31 vault guards
  16 yaktaur captains
  Erolcha (D:11)
  2 catoblepae
  A juggernaut simulacrum (Depths:1)
  4 spriggan air magi
  8 ghost crabs
  5 alligators
  6 ice dragons
  18 hydras
  12 ironbound frosthearts
  5 ogre magi
  2 peacekeepers (Vaults:4)
  Erica (D:11)
  An anaconda (shapeshifter) (Vaults:5)
  7 boulder beetles
  15 two-headed ogres
  28 centaur warriors
  5 radroaches
  35 dancing weapons
  4 death yaks (Lair:4)
  7 deep troll earth magi
  2 death scarabs (Spider:1)
  A vampire mage (Vaults:2)
  7 demonic crawlers
  3 satyrs (WizLab)
  4 death knights
  5 naga sharpshooters (WizLab)
  5 orc high priests (Orc:2)
  7 deep troll shamans
  The ghost of Nikh the Martial Artist, a novice OpSh of Gozag (Lair:1)
  A shock serpent (shapeshifter) (Depths:4)
  4 spriggan berserkers
  3 tengu warriors (Depths:4)
  13 deep elf knights
  14 spriggans
  6 sun demons
  A spark wasp zombie (Depths:2)
  A sun moth (Spider:2)
  5 iron trolls
  8 pharaoh ants
  9 arcanists
  6 spriggan druids
  5 glowing orange brains
  10 orb spiders
  6 goliath frogs
  A skeletal warrior (D:12)
  13 deep elf archers
  An obsidian statue (Zot:5)
  12 swamp dragons
  3 flayed ghosts
  An orb spider (shapeshifter) (Elf:2)
  15 ironbound convokers
  55 deep trolls
  4 lindwurms
  6 phantasmal warriors
  14 bog bodies
  15 orc knights
  3 harpies (Vaults:2)
  5 necromancers
  4 steelbarb worms
  An occultist (D:14)
  23 deep elf pyromancers
  34 deep elf zephyrmancers
  A harpy (shapeshifter) (D:15)
  19 wolf spiders
  12 cyclopes
  3 orc sorcerers (Orc:2)
  2 oklob plants
  5 will-o-the-wisps
  32 moths of wrath
  4 fauns (WizLab)
  47 ugly things
  3 large abominations (Zot:4)
  A salamander (Depths:1)
  4 manticores
  3 apocalypse crabs (Swamp:2)
  28 vault sentinels
  9 elephants
  Maurice (Orc:1)
  A smoke demon (Depths:2)
  2 gargoyles
  2 guardian serpents
  9 black mambas
  6 torpor snails
  2 molten gargoyles (Volcano)
  17 cane toads
  2 unseen horrors
  2 rime drakes
  An efreet (D:15)
  4 freezing wraiths
  A yaktaur (shapeshifter) (D:14)
  A kobold demonologist (D:10)
  11 komodo dragons
  A rime drake (shapeshifter) (D:9)
  27 yaktaurs
  5 polar bears
  A yaktaur skeleton (Vaults:4)
  3 harpy zombies (Zot:4)
  14 trolls
  A bloated husk (Swamp:3)
  A meliai (shapeshifter) (D:13)
  14 hornets
  A wind drake (shapeshifter) (Elf:1)
  7 meliai
  2 raiju (Zot:4)
  15 tarantellas
  A tarantella (shapeshifter) (Vaults:5)
  3 dream sheep (Lair:4)
  8 tyrant leeches
  16 blink frogs
  Sigmund (D:6)
  34 slime creatures
  19 culicivoras
  2 shadows
  19 jumping spiders
  10 wraiths
  A ynoxinul (D:3)
  17 wyverns
  3 water elementals
  3 humans (Lair:4)
  6 fire bats
  Grum (D:10)
  54 redbacks
  16 vampire mosquitoes
  57 yaks
  3 basilisks
  A human simulacrum (Vaults:4)
  2 steam dragons
  Menkaure (D:5)
  14 swamp worms
  3 wargs
  4 acid dragons
  19 water moccasins
  A glowing shapeshifter skeleton (Vaults:4)
  55 orc warriors
  4 ice beasts (D:9)
  16 swamp drakes
  3 black bears
  A black bear (shapeshifter) (Vaults:5)
  2 sky beasts (D:7)
  4 boggarts (Zot:4)
  20 wolves
  14 ogres
  2 human skeletons (Vaults:4)
  17 centaurs
  2 phantoms (D:6)
  4 kobold brigands
  2 scorpions (D:5)
  11 bullfrogs
  An earth elemental (Elf:1)
  7 howler monkeys
  An electric eel (Lair:2)
  4 lava snakes (Volcano)
  4 jellies
  4 gnoll boudas
  4 hounds
  35 orc priests
  Crazy Yiuf (D:7)
  A sleepcap (D:6)
  5 iguanas
  19 orc wizards
  7 adders
  24 gnolls
  3 shadow imps
  A white imp (D:6)
  104 orcs
  8 endoplasms
  4 goblins
  5 hobgoblins
  7 quokkas
  4 ball pythons
  2 frilled lizards
  24 kobolds
  5 rats
  A spectral orc (D:3)
  3 spectral weapons (Vaults:2)
2136 creatures vanquished.

Vanquished Creatures (others)
  A tentacled monstrosity (Zot:3)
  A tengu reaver (Vaults:2)
  2 bloated husks
  2 hornets
  6 foxfires (Swamp:2)
12 creatures vanquished.

Grand Total: 2148 creatures vanquished

Notes
Turn   | Place    | Note
-------+----------+-------------------------------------------
     0 | D:1      | Forgeling the Kobold Monk began the quest for the Orb.
     0 | D:1      | Reached XP level 1. HP: 14/14 MP: 1/1
   387 | D:1      | Reached XP level 2. HP: 20/20 MP: 2/2
   750 | D:2      | Reached XP level 3. HP: 21/24 MP: 3/3
  1067 | D:2      | Reached skill level 5 in Fighting
  1067 | D:2      | Reached XP level 4. HP: 31/31 MP: 4/4
  1292 | D:3      | Reached skill level 1 in Ranged Weapons
  1406 | D:3      | Reached skill level 2 in Ranged Weapons
  1406 | D:3      | Reached XP level 5. HP: 21/35 MP: 5/5
  1776 | D:3      | Reached skill level 3 in Ranged Weapons
  1953 | D:3      | Found a basalt altar of Yredelemnul.
  1978 | D:3      | Found Weonkan's Jewellery Shoppe.
  1994 | D:3      | Noticed Grinder
  2995 | D:4      | Noticed a black bear
  3411 | D:4      | Reached skill level 4 in Ranged Weapons
  3487 | D:4      | Reached XP level 6. HP: 34/40 MP: 6/6
  3529 | D:4      | Reached skill level 5 in Ranged Weapons
  3800 | D:4      | Reached skill level 6 in Ranged Weapons
  4017 | D:5      | Entered Level 5 of the Dungeon
  4088 | D:5      | Reached XP level 7. HP: 44/44 MP: 7/7
  4094 | D:5      | Reached skill level 7 in Ranged Weapons
  4150 | D:5      | Noticed Menkaure
  4239 | D:5      | Found a blossoming altar of Fedhas.
  4239 | D:5      | Found a snail-covered altar of Cheibriados.
  4495 | D:5      | Reached skill level 8 in Ranged Weapons
  4634 | D:5      | Reached skill level 9 in Ranged Weapons
  4848 | D:5      | Reached XP level 8. HP: 39/49 MP: 8/8
  5335 | D:6      | Reached skill level 10 in Ranged Weapons
  5483 | D:6      | Noticed Sigmund
  5655 | D:6      | Found a staircase to the Ecumenical Temple.
  5723 | Temple   | Found a transporter.
  5723 | Temple   | Found a transporter.
  5723 | Temple   | Found a transporter.
  5723 | Temple   | Found a transporter.
  5723 | Temple   | Entered the Ecumenical Temple
  5738 | Temple   | Became a worshipper of Warmaster Okawaru
  5738 | Temple   | Reached * piety under Okawaru
  5738 | Temple   | Reached ** piety under Okawaru
  5944 | D:6      | Reached skill level 1 in Evocations
  6790 | D:7      | Noticed a wyvern
  7144 | D:7      | Reached XP level 9. HP: 27/55 MP: 9/9
  7221 | D:7      | Reached skill level 5 in Dodging
  8129 | D:7      | Found a runed translucent door.
  8132 | D:7      | Noticed Crazy Yiuf
  8139 | D:7      | Killed Crazy Yiuf
  8296 | D:8      | Noticed a two-headed ogre
  8465 | D:8      | Killed a two-headed ogre
  8465 | D:8      | Reached *** piety under Okawaru
  8793 | D:8      | Noticed a two-headed ogre
  8812 | D:8      | Killed a two-headed ogre
  8812 | D:8      | Reached **** piety under Okawaru
  8813 | D:8      | Reached skill level 5 in Evocations
  8813 | D:8      | Reached XP level 10. HP: 50/64 MP: 8/10
 10003 | D:9      | Noticed an unseen horror
 10018 | D:9      | Killed an unseen horror
 10281 | D:9      | Paralysed by a centaur for 5 turns
 10533 | D:9      | Reached skill level 5 in Invocations
 10588 | D:9      | Noticed a rime drake
 10593 | D:9      | Killed a rime drake
 10644 | D:9      | Noticed a rime drake
 10664 | D:9      | Killed a rime drake
 10665 | D:9      | Reached XP level 11. HP: 11/68 MP: 16/16
 10859 | D:9      | Noticed a manticore
 10879 | D:9      | Killed a manticore
 10978 | D:4      | Reached skill level 1 in Stealth
 11093 | D:5      | Killed Menkaure
 11215 | D:6      | Killed Sigmund
 11459 | D:9      | Reached skill level 5 in Stealth
 11770 | D:9      | Found a staircase to the Lair.
 11848 | D:9      | Reached skill level 11 in Ranged Weapons
 12122 | D:10     | Entered Level 10 of the Dungeon
 12184 | D:10     | Noticed Grum
 12441 | D:10     | Reached skill level 12 in Ranged Weapons
 12504 | D:10     | Killed Grum
 12516 | D:10     | Reached skill level 1 in Armour
 12618 | D:10     | Reached ***** piety under Okawaru
 12700 | D:10     | Found Milu's Jewellery Shop.
 13451 | D:10     | Noticed a two-headed ogre
 13463 | D:10     | Killed a two-headed ogre
 13689 | D:11     | Noticed Erica
 13695 | D:11     | Killed Erica
 13741 | D:10     | Reached XP level 12. HP: 59/73 MP: 18/18
 13746 | D:10     | Reached skill level 10 in Dodging
 13765 | D:11     | Found a staircase to the Orcish Mines.
 13765 | D:11     | Found Fixtuelo's Weapon Boutique.
 14148 | D:11     | Received a gift from Okawaru
 14487 | D:11     | Noticed a two-headed ogre
 14501 | D:11     | Killed a two-headed ogre
 14513 | D:11     | Found a transporter.
 14564 | D:11     | Found a transporter.
 14618 | D:11     | Found a transporter.
 14801 | D:11     | Noticed Erolcha
 14877 | Lair:1   | Entered Level 1 of the Lair of Beasts
 14888 | D:9      | Reached skill level 10 in Stealth
 15256 | Lair:1   | Found a runed translucent door.
 15394 | Lair:1   | Received a gift from Okawaru
 15510 | Lair:1   | Reached skill level 13 in Ranged Weapons
 15630 | Lair:1   | Found a runed translucent door.
 15908 | Lair:1   | Noticed Nikh's ghost (novice OpSh)
 16064 | Lair:1   | Reached skill level 14 in Ranged Weapons
 16139 | Lair:2   | Reached XP level 13. HP: 78/78 MP: 19/19
 16177 | Lair:2   | Found a staircase to the Swamp.
 16177 | Lair:2   | Noticed an eleionoma
 16199 | Lair:2   | Killed an eleionoma
 16205 | Lair:2   | Reached skill level 15 in Ranged Weapons
 16279 | Lair:2   | Found a hole to the Spider Nest.
 16539 | Lair:2   | Received a gift from Okawaru
 16540 | Lair:2   | Reached skill level 16 in Ranged Weapons
 17535 | Lair:3   | Received a gift from Okawaru
 18175 | Lair:4   | Noticed a five-headed hydra
 18189 | Lair:4   | Killed a five-headed hydra
 18190 | Lair:4   | Reached skill level 10 in Fighting
 18190 | Lair:4   | Reached skill level 10 in Invocations
 18205 | Lair:4   | Found a runed translucent gate.
 18205 | Lair:4   | Found a runed translucent gate.
 18205 | Lair:4   | Found a runed translucent gate.
 18207 | Lair:4   | Noticed SecretSquirrel's ghost (journeyman BaHu)
 18207 | Lair:4   | Noticed Runia's ghost (journeyman MfIE)
 18208 | Lair:4   | Noticed pokeman's ghost (journeyman DEHW)
 18210 | Lair:4   | Noticed Zyxuithu's ghost (journeyman MeSh)
 18267 | Lair:4   | Noticed a catoblepas
 18277 | Lair:4   | Killed a catoblepas
 18499 | Lair:4   | Reached XP level 14. HP: 83/90 MP: 21/21
 18750 | Lair:4   | Received a gift from Okawaru
 19630 | Lair:5   | Entered Level 5 of the Lair of Beasts
 19635 | Lair:5   | Found a white marble altar of Elyvilon.
 19740 | Lair:5   | Found a staircase to the Slime Pits.
 19943 | Lair:5   | Reached skill level 10 in Evocations
 20209 | Lair:5   | Received a gift from Okawaru
 20904 | Lair:5   | Reached XP level 15. HP: 96/96 MP: 24/24
 20994 | Lair:5   | Reached skill level 17 in Ranged Weapons
 21500 | Lair:4   | Killed pokeman's ghost
 21525 | Lair:4   | Killed SecretSquirrel's ghost
 21550 | Lair:4   | Killed Zyxuithu's ghost
 21567 | Lair:4   | Killed Runia's ghost
 21874 | Lair:1   | Killed Nikh's ghost
 21874 | Lair:1   | Received a gift from Okawaru
 21950 | Orc:1    | Entered Level 1 of the Orcish Mines
 21965 | Orc:1    | Found Welen's Armour Boutique.
 21971 | Orc:1    | Bought the +1 leather armour of the Devil {Drain rElec
                  | Regen+ Dex+9} for 617 gold pieces
 22022 | Orc:2    | Entered Level 2 of the Orcish Mines
 22237 | Orc:1    | Noticed Josephine
 22248 | Orc:1    | Killed Josephine
 22310 | Orc:1    | Found Opnyniacw's Assorted Antiques.
 22315 | Orc:1    | Bought a glowing shortbow for 186 gold pieces
 22333 | Orc:1    | Found a dark tunnel.
 22384 | Volcano  | Entered a volcano
 22574 | Volcano  | Found a bloodstained altar of Trog.
 22925 | Orc:1    | Noticed an orc warlord
 22961 | Orc:1    | Killed an orc warlord
 23193 | Orc:1    | Reached skill level 18 in Ranged Weapons
 23357 | Orc:1    | Found Bedoliela's Magic Scroll Shop.
 23363 | Orc:1    | Bought a scroll of identify for 22 gold pieces
 23438 | Orc:1    | Noticed Maurice
 23524 | Orc:1    | Killed Maurice
 23826 | Orc:2    | Noticed an orc warlord
 23841 | Orc:2    | Killed an orc warlord
 23996 | Orc:2    | Found Zetrehafu's Magic Scroll Boutique.
 24054 | Orc:2    | Found Toawkaen's Antique Armour Shop.
 24392 | Arena    | Entered the Arena
 24431 | Orc:2    | Reached XP level 16. HP: 105/105 MP: 25/25
 24798 | Orc:2    | Found Soalup's Weapon Shoppe.
 24841 | Orc:2    | Found Irottumi's Antique Armour Shop.
 24846 | Orc:2    | Reached skill level 19 in Ranged Weapons
 24987 | Orc:2    | Found a staircase to the Elven Halls.
 25270 | Orc:2    | Bought a pair of glowing boots for 142 gold pieces
 26694 | D:12     | Reached skill level 15 in Fighting
 26868 | D:13     | Noticed Jorgrun
 26875 | D:13     | Killed Jorgrun
 26937 | D:13     | You are sucked into a shaft and drop 1 floor!
 27390 | D:13     | Reached skill level 20 in Ranged Weapons
 27946 | D:14     | Found Sutweu's Jewellery Shop.
 27952 | D:14     | Bought the amulet "Femoataw" {Reflect rC++ SH+5} for 817
                  | gold pieces
 28348 | D:14     | Reached skill level 5 in Armour
 28355 | D:14     | Found a gate to the Vaults.
 28392 | D:14     | Received a gift from Okawaru
 28790 | D:15     | Entered Level 15 of the Dungeon
 28817 | D:15     | Reached XP level 17. HP: 114/114 MP: 26/26
 29423 | D:15     | Found a staircase to the Depths.
 29859 | Spider:1 | Entered Level 1 of the Spider Nest
 30120 | Spider:1 | Reached skill level 21 in Ranged Weapons
 30531 | Spider:1 | Received a gift from Okawaru
 30726 | Spider:1 | Reached skill level 22 in Ranged Weapons
 31058 | Spider:1 | Identified the +3 helmet of Omission {rF+}
 31386 | Spider:2 | Reached XP level 18. HP: 121/121 MP: 27/27
 31855 | Spider:2 | Received a gift from Okawaru
 32963 | Spider:4 | Entered Level 4 of the Spider Nest
 33181 | Spider:4 | Noticed Louise
 33250 | Spider:4 | Killed Louise
 33485 | Spider:4 | Received a gift from Okawaru
 34053 | Spider:4 | Received a gift from Okawaru
 34183 | Spider:4 | Got a gossamer rune of Zot
 34424 | D:8      | Identified the -1 cloak of Ivvykkotzur {MP+9 Slay+6}
 34553 | Swamp:1  | Entered Level 1 of the Swamp
 34651 | Swamp:1  | Reached XP level 19. HP: 128/129 MP: 28/28
 34708 | Swamp:1  | Identified the ring "Zuimolaq" {+Blink Will+ Str+2 Dex+3
                  | Slay+2}
 35395 | Swamp:2  | Found a runed translucent door.
 35729 | Swamp:2  | Reached skill level 15 in Dodging
 36277 | Swamp:2  | Reached skill level 10 in Armour
 36319 | Swamp:2  | Found a basalt altar of Yredelemnul.
 36641 | Swamp:3  | Received a gift from Okawaru
 37015 | Swamp:4  | Entered Level 4 of the Swamp
 37493 | Swamp:4  | Received a gift from Okawaru
 37558 | Swamp:4  | Reached XP level 20. HP: 137/137 MP: 29/29
 37608 | Swamp:4  | Reached ****** piety under Okawaru
 37618 | Swamp:4  | Acquired the +4 triple crossbow of Viuz {antimagic, rElec
                  | rCorr}
 37618 | Swamp:4  | Received a gift from Okawaru
 37654 | Swamp:4  | Got a decaying rune of Zot
 38380 | D:11     | Found a transporter.
 38403 | D:11     | Killed Erolcha
 38598 | WizLab   | Identified the "Duege"
 38598 | Vaults:1 | Entered Level 1 of the Vaults
 38686 | Vaults:1 | Noticed Aizul
 38696 | Vaults:1 | Killed Aizul
 38701 | Vaults:1 | Found Dyitzie's Armour Shoppe.
 38709 | Vaults:1 | Found Kaygiuj's General Store.
 38840 | Vaults:1 | Received a gift from Okawaru
 38854 | Vaults:1 | Found a magical portal.
 38865 | WizLab   | Entered Eringya's Formal Garden
 39171 | WizLab   | Found a blossoming altar of Fedhas.
 39625 | Vaults:1 | Reached skill level 23 in Ranged Weapons
 39632 | Vaults:1 | Received a gift from Okawaru
 39661 | Vaults:1 | Found Coan's General Store.
 39890 | Vaults:1 | Acquired the +0 pair of boots "Utytauxe" {rN+ rCorr}
 39890 | Vaults:1 | Received a gift from Okawaru
 40017 | Vaults:1 | Reached XP level 21. HP: 142/142 MP: 13/31
 40331 | Vaults:1 | Reached skill level 24 in Ranged Weapons
 40432 | Vaults:1 | Received a gift from Okawaru
 41166 | Vaults:2 | Found a gateway to a bazaar.
 41221 | Bazaar   | Entered a bazaar
 41235 | Bazaar   | Found Buteh's Armour Shoppe.
 41251 | Bazaar   | Found Kapuros's Armour Emporium.
 41251 | Bazaar   | Found Homejof's Antique Weapon Shoppe.
 41273 | Bazaar   | Found Purruage's Magic Scroll Emporium.
 41273 | Bazaar   | Found Cameck's Magic Scroll Shoppe.
 41295 | Bazaar   | Found Otetrimem's Jewellery Emporium.
 41343 | Bazaar   | Bought a scroll of blinking for 90 gold pieces
 41356 | Bazaar   | Bought a scroll of enchant weapon for 127 gold pieces
 41356 | Bazaar   | Bought a scroll of teleportation for 51 gold pieces
 41356 | Bazaar   | Bought a scroll of immolation for 68 gold pieces
 41756 | Vaults:2 | Reached skill level 25 in Ranged Weapons
 41764 | Vaults:2 | Received a gift from Okawaru
 42019 | Vaults:2 | Found a staircase to the Crypt.
 42100 | Vaults:2 | Noticed Sojobo
 42111 | Arena    | Entered the Arena
 42114 | Arena    | Killed Sojobo
 42137 | Vaults:2 | Noticed Asterion
 42152 | Vaults:2 | Killed Asterion
 42153 | Vaults:2 | Reached skill level 26 in Ranged Weapons
 42308 | Vaults:2 | Received a gift from Okawaru
 43046 | Vaults:3 | Reached XP level 22. HP: 135/152 MP: 13/32
 43118 | Vaults:3 | Received a gift from Okawaru
 43727 | Vaults:3 | You fall into a shaft and drop 1 floor!
 43945 | Vaults:3 | Received a gift from Okawaru
 44944 | Vaults:4 | Received a gift from Okawaru
 45011 | Vaults:4 | Identified the +0 scale mail of Morality {rElec rN+}
 46149 | Vaults:5 | Identified the "Govigote"
 46149 | Vaults:5 | Identified the "Jiarul"
 46149 | Depths:3 | Identified the "Peewas"
 46149 | Depths:3 | Identified the "Viloc"
 46149 | Depths:3 | Identified the "Cebadus"
 46149 | Depths:3 | Identified the "Basagop"
 46149 | Depths:3 | Identified the of Epseacar
 46149 | Depths:3 | Identified the "Inived"
 46149 | Depths:3 | Identified the "Missil"
 46149 | Elf:1    | Entered Level 1 of the Elven Halls
 46178 | Elf:1    | Received a gift from Okawaru
 46184 | Elf:1    | Found a radiant altar of Vehumet.
 46241 | Elf:1    | Reached XP level 23. HP: 160/160 MP: 14/33
 47568 | Elf:2    | Found a runed translucent gate.
 47568 | Elf:2    | Found a runed translucent gate.
 47569 | Elf:2    | Found a runed translucent gate.
 47703 | Elf:2    | Received a gift from Okawaru
 47727 | Elf:2    | Found Plog's Book Boutique.
 47737 | Elf:2    | Bought a manual of Invocations for 1040 gold pieces
 48539 | Elf:3    | Identified the of Niggo
 48539 | Elf:3    | Identified the "Zack"
 48539 | Elf:3    | Identified the "Voasuclo"
 48539 | Elf:3    | Entered Level 3 of the Elven Halls
 48581 | Elf:3    | Found Natiz's Book Shoppe.
 48610 | Elf:3    | Received a gift from Okawaru
 48624 | Elf:3    | Found Dinoepro's Weapon Emporium.
 48678 | Elf:3    | Found Tarrux's Jewellery Shoppe.
 48684 | Elf:3    | Bought the ring of Uskayaw's Whim {Wiz Will++ MP-9 Str+4
                  | SInv} for 670 gold pieces
 49019 | Elf:3    | Identified the +10 falchion of the Messenger {drain, Contam
                  | rElec rF++ Will+}
 49035 | Elf:3    | Received a gift from Okawaru
 49036 | Elf:3    | Reached XP level 24. HP: 151/168 MP: 10/33
 49066 | Elf:3    | Identified the staff "Jiclial" {rElec rPois Int+3 Dex-2
                  | Air}
 49725 | Depths:1 | Entered Level 1 of the Depths
 49955 | Depths:1 | Found Big Baal Hell's Store.
 49960 | Depths:1 | Found a gateway to Hell.
 49995 | Depths:1 | Found a transporter.
 50091 | Depths:1 | Received a gift from Okawaru
 50175 | Depths:1 | Found a transporter.
 50251 | Depths:1 | Reached skill level 15 in Evocations
 50442 | Depths:1 | Found a one-way gateway to a ziggurat.
 50988 | Depths:2 | Reached skill level 15 in Invocations
 51022 | Depths:2 | Found a one-way gate leading to the halls of Pandemonium.
 51025 | Depths:2 | Received a gift from Okawaru
 51703 | Depths:2 | Found a stormy altar of Qazlal.
 52023 | Depths:3 | Received a gift from Okawaru
 52033 | Depths:4 | Entered Level 4 of the Depths
 52115 | Depths:4 | Reached XP level 25. HP: 163/173 MP: 12/36
 52143 | Depths:4 | Found an opulent altar of Gozag.
 52640 | Depths:4 | Noticed Jory
 52649 | Depths:4 | Killed Jory
 53095 | Depths:4 | Found a gate to the Realm of Zot.
 53456 | Depths:3 | Found a one-way gate to the infinite horrors of the Abyss.
 53478 | Depths:3 | Received a gift from Okawaru
 53766 | Vaults:5 | Entered Level 5 of the Vaults
 53785 | Vaults:5 | Reached skill level 15 in Stealth
 53846 | Vaults:5 | Noticed an ancient lich
 53853 | Vaults:5 | Killed an ancient lich
 53926 | Vaults:5 | Received a gift from Okawaru
 54022 | Vaults:5 | Reached skill level 27 in Ranged Weapons
 54100 | Vaults:5 | Identified the ring of Werosar {rF+ rN+ Will+}
 54144 | Vaults:5 | Received a gift from Okawaru
 54257 | Vaults:5 | Noticed an ancient lich
 54259 | Vaults:5 | Noticed a dread lich
 54260 | Arena    | Entered the Arena
 54283 | Vaults:5 | Killed an ancient lich
 54291 | Vaults:5 | Killed a dread lich
 54292 | Vaults:5 | Reached XP level 26. HP: 76/179 MP: 6/37
 54345 | Vaults:5 | Identified a scroll of acquirement
 54396 | Vaults:5 | Identified the +1 ring mail of Hedonism {Drain rCorr Str+8
                  | Stlth-}
 54421 | Vaults:5 | Identified the ring "Imykodek" {Int+6 Dex+5}
 54648 | Vaults:5 | Identified the +3 morningstar of Gozag {drain, rN+ MP+9}
 54771 | Vaults:5 | Identified the ring of Kewaff {rElec rPois Dex+6}
 54857 | Vaults:5 | Received a gift from Okawaru
 55443 | Vaults:5 | Got a silver rune of Zot
 55590 | Vaults:5 | Acquired 565 gold pieces
 56204 | Zot:1    | Entered Level 1 of the Realm of Zot
 56447 | Zot:1    | Received a gift from Okawaru
 56857 | Arena    | Entered the Arena
 57046 | Zot:3    | Identified the +0 chain mail of Ashenzari's Regard {Slay+3}
 57122 | Zot:3    | Received a gift from Okawaru
 57394 | Zot:3    | Noticed a curse toe
 57398 | Zot:3    | Killed a curse toe
 57553 | Zot:3    | Found Akaepy's Changing Room.
 57941 | Zot:3    | Reached XP level 27. HP: 186/186 MP: 9/37
 58447 | Zot:4    | Noticed a Killer Klown
 58453 | Zot:4    | Killed a Killer Klown
 58454 | Zot:4    | Received a gift from Okawaru
 58828 | Arena    | Entered the Arena
 59289 | Zot:4    | Reached skill level 15 in Armour
 59790 | Zot:5    | Entered Level 5 of the Realm of Zot
 59818 | Zot:5    | Noticed a Killer Klown
 59825 | Zot:5    | Killed a Killer Klown
 60254 | Zot:5    | Received a gift from Okawaru
 60565 | Zot:5    | Noticed a dread lich
 60567 | Zot:5    | Killed a dread lich
 60589 | Zot:5    | Noticed a dread lich
 60592 | Zot:5    | Killed a dread lich
 60736 | Zot:5    | Noticed an ancient lich
 60765 | Zot:5    | Noticed an orb of fire
 60770 | Zot:5    | Gained mutation: You occasionally shout uncontrollably at
                  | your foes. [an orb of fire]
 60772 | Zot:5    | Noticed a Killer Klown
 60777 | Zot:5    | Noticed an orb of fire
 60782 | Zot:5    | Killed an orb of fire
 60786 | Zot:5    | Killed an orb of fire
 60792 | Zot:5    | Noticed a Killer Klown
 60792 | Zot:5    | Noticed an orb of fire
 60793 | Zot:5    | Killed an ancient lich
 60798 | Zot:5    | Killed a Killer Klown
 60801 | Zot:5    | Killed an orb of fire
 60803 | Zot:5    | Killed a Killer Klown
 60805 | Zot:5    | Received a gift from Okawaru
 60807 | Zot:5    | Noticed a Killer Klown
 60811 | Zot:5    | Killed a Killer Klown
 60813 | Zot:5    | Noticed a Killer Klown
 60820 | Zot:5    | Killed a Killer Klown
 60890 | Zot:5    | Noticed a Killer Klown
 60891 | Zot:5    | Noticed an orb of fire
 60892 | Zot:5    | Gained mutation: Your magical capacity is low. (-10% MP)
                  | [an orb of fire]
 60897 | Zot:5    | Noticed an orb of fire
 60903 | Zot:5    | Killed an orb of fire
 60904 | Zot:5    | Killed an orb of fire
 60904 | Zot:5    | Noticed a Killer Klown
 60906 | Zot:5    | Noticed an orb of fire
 60908 | Zot:5    | Killed a Killer Klown
 60911 | Zot:5    | Killed a Killer Klown
 60915 | Zot:5    | Killed an orb of fire
 60968 | Zot:5    | Noticed a Killer Klown
 60977 | Zot:5    | Killed a Killer Klown
 61206 | Zot:5    | Noticed a Killer Klown
 61246 | Zot:5    | Received a gift from Okawaru
 61468 | Zot:5    | Lost mutation: Your magical capacity is low. (-10% MP)
                  | [potion of mutation]
 61468 | Zot:5    | Lost mutation: You occasionally shout uncontrollably at
                  | your foes. [potion of mutation]
 61468 | Zot:5    | Gained mutation: You possess an exceptional clarity of
                  | mind. [potion of mutation]
 61471 | Zot:5    | Got the Orb of Zot
 62045 | D:$      | Escaped with the Orb!

Illustrated notes

Levels and vault maps discovered:
D:1:      matt_arrival_spirals, layout_basic, serial_bayou_pond_c
D:2:      layout_rooms, kennysheep_generic_room_9
D:3:      layout_basic, yredelemnul_forgotten_temple_becter, serial_shops,
          nicolae_shop_tiny_glass, kennysheep_doodads,
          minmay_misc_feat_ornament, kennysheep_flooded_box, uniq_grinder
D:4:      layout_basic
D:5:      layout_cave_pods, nicolae_overflow_squiral, uniq_menkaure
D:6:      layout_basic, minmay_temple_entry_water_ring, serial_corexii_hall,
          corexii_hall_statues_x, chequers_hall_statues_corner_a,
          corexii_hall_statues_x, corexii_hall_statues_l,
          chequers_hall_statues_wall_a, chequers_hall_statues_wall_a,
          uniq_sigmund
D:7:      layout_loops_ring, hangedman_decor_riveting, uniq_crazy_yiuf_cottage
D:8:      layout_basic, nicolae_straight_to_the_point
D:9:      layout_long_grid, hellmonk_lair_entry_icy, minmay_misc_feat_room,
          kb_rosetta
D:10:     layout_long_grid, serial_shops, shop, uniq_grum
D:11:     layout_rooms, orc_david_3, nicolae_transporter_intersection,
          uniq_erica, uniq_erolcha
D:12:     minmay_polygon_palace, layout_loops_ring
D:13:     layout_gridville, grunt_ogre_cave, uniq_jorgrun
D:14:     layout_loops_ring, skrybe_vaults_entry_preservation, serial_shops,
          shop_fountains, roderic_serpentine_path, minmay_microvault
D:15:     gammafunk_enter_depths_forms, layout_irregular_city,
          hangedman_decor_diamond_cutter, minmay_misc_feat_diagonals
Temple:   hellmonk_temple_divided_pantheon
Lair:1:   dreamdust_labyrinth, layout_regular_city, gammafunk_ghost_grave
Lair:2:   layout_concentric_octagons, alex1729_swamp_entry_worm_eleionoma,
          hellmonk_spider_entry_life_and_decay, fungi_pond_lemuel, st_stairs_8
Lair:3:   layout_hall_layers
Lair:4:   slaughterhouse, layout_loops_ring, gammafunk_ghost_cemetery,
          beast_lair_carwin_6
Lair:5:   hangedman_lair_tendril_chambers, layout_regular_city, slime_entry_1,
          basic_altar
Swamp:1:  layout_basic_swamp, evilmike_swamp_ruin_house_1,
          infiniplex_staircase_pool
Swamp:2:  gammafunk_mikee_crab_dinner, layout_basic_swamp,
          nicolae_swamp_round_clearing, swamp_pool5, grunt_ruined_hall
Swamp:3:  layout_falls_marsh, nicolae_swamp_long_stream
Swamp:4:  swamp_basic_johnstein, layout_basic_swamp
Spider:1: nicolae_spider_hilbert_zone_1 [nicolae_spider_hilbert_4_sides_1_open,
          nicolae_spider_hilbert_4_sides_1_open,
          nicolae_spider_hilbert_4_sides_1_open,
          nicolae_spider_hilbert_4_sides_1_open,
          nicolae_spider_hilbert_3_sides_1_open,
          nicolae_spider_hilbert_3_sides_1_open,
          nicolae_spider_hilbert_3_sides_1_open,
          nicolae_spider_hilbert_3_sides_1_open,
          nicolae_spider_hilbert_3_sides_1_open,
          nicolae_spider_hilbert_6_sides_1_open,
          nicolae_spider_hilbert_6_sides_1_open,
          nicolae_spider_hilbert_3_sides_1_open,
          nicolae_spider_hilbert_3_sides_1_open,
          nicolae_spider_hilbert_3_sides_1_open,
          nicolae_spider_hilbert_3_sides_1_open,
          nicolae_spider_hilbert_2_sides_1_open]
Spider:2: layout_spider_delve, drop_trap
Spider:3: layout_spider_delve
Spider:4: grunt_spider_rune_circles, uniq_louise
Orc:1:    layout_diamond_mine, serial_shops, shop, nicolae_diamond_shop,
          nicolae_shop_rolling_square, nicolae_volcano_entry_two_sided,
          basic_altar, uniq_maurice, uniq_josephine
Orc:2:    pubby_orc_utopia
Elf:1:    eino_elf_arrival_altar, layout_onion_city, minivault_28
Elf:2:    nicolae_elf_blades_splatter_lattice [nooodl_blade_entry_preview],
          layout_gridlike, serial_shops, shop, evilmike_minifort
Elf:3:    minmay_elf_hall_statues, layout_rooms, serial_shops, shop,
          lemuel_flame_loot_1, minmay_shoptagon
Vaults:1: infiniplex_enter_wizlab_water, nicolae_vaults_little_squares_4,
          nicolae_vaults_three_branches, nicolae_vaults_ninety_degrees,
          ontoclasm_vaults_misaligned, nicolae_vaults_lopsided_apartments,
          nicolae_vaults_trapezoid_1, nicolae_vaults_cornered_office,
          hangedman_vaults_stitches, nicolae_vaults_tangram_1,
          nicolae_vaults_trapezoid_lopsided_3, layout_vaults_ring, serial_shops,
          nicolae_shop_rolling_square, shop, shop, uniq_aizul
Vaults:2: hangedman_vaults_variations, nicolae_vaults_tetromino_Z_1,
          nicolae_vaults_trapezoid_lopsided_4, dpeg_vaults_waves,
          vaults_room_corners, nicolae_vaults_diamond_1,
          nicolae_vaults_double_plus_1, minmay_crypt_entry_simple_box,
          layout_vaults_omnigrid, serial_shops, bzr_entry_water, uniq_sojobo,
          uniq_asterion
Vaults:3: nicolae_vaults_stand_back, nicolae_vaults_disjoint_gnomons,
          nicolae_vaults_mitosis, nicolae_vaults_closet_pinwheel_6,
          vaults_standard_mumra_x, ontoclasm_vaults_misaligned, v_misc_24,
          vaults_room_fours, v_alt_pattern_6, layout_vaults_chaotic_city
Vaults:4: vaults_room_corners, vaults_room_ringed_pool,
          nicolae_vaults_shrinking_rooms_2, nicolae_vaults_closet_pinwheel_3,
          grunt_vaults_twisty, v_alt_pattern_4, v_misc_16,
          nicolae_vaults_two_Ls, nicolae_vaults_tetromino_T_2, v_pattern_3,
          nicolae_vaults_turnstiles, layout_vaults_big_cross
Vaults:5: serial_shops
Depths:1: layout_cave_pools, enter_ziggurat_d, minmay_misc_feat_five,
          nicolae_hell_entry_big_baal_hell, minmay_misc_feat_more_columns,
          chequers_serial_rivers_micro_e, nicolae_twisting_strands,
          grunt_ministairs_5, serial_bayou_pond_e, nicolae_diode_stairs
Depths:2: minmay_outward_triangles, layout_basic, grunt_pan_entry_zigzag,
          hell_entry, nicolae_qazlal_style_of_elements,
          infiniplex_staircase_door_maze, grunt_megastairs_3
Depths:3: gold_lair_mu, layout_long_grid, hellmouth_3,
          abyss_entry_small_statue_room, nicolae_tso_carved_into_rock
Depths:4: evilmike_zot_entry_basic, layout_basic, nicolae_benzene_ring,
          hangedman_coc_ice_floe, grunt_gozag_breadcrumbs, uniq_jory
Zot:1:    layout_misc_corridors
Zot:2:    layout_gridlike
Zot:3:    layout_basic, nicolae_transmutations_shop, st_stairs_14
Zot:4:    hangedman_orp_of_zott, layout_cathedral_of_symmetry
Zot:5:    layout_gridlike

Skill      XL: |  1  2  3  4  5  6  7  8  9 10 11 12 13 14 15 16 17 18 19 20 21 22 23 24 25 26 27 |
---------------+----------------------------------------------------------------------------------+-----
Fighting       | 4 5 6 8 11 13 15 16 17 18 19 21 22 26 | 26.0
Ranged Weapons | 2 4 6 9 10 12 14 16 18 20 22 23 26 27 | 27.0
Evocations     | 4 5 8 10 17 | 17.0
Dodging        | 4 9 12 14 16 17 20 22 | 22.0
Invocations    | 7 8 10 12 13 18 20 | 20.0
Stealth        | 7 10 11 14 18 22 | 22.0
Armour         | 2 3 5 7 9 10 12 13 17 | 17.2
Short Blades   | |  4.0

Action                     |  1- 3 |  4- 6 |  7- 9 | 10-12 | 13-15 | 16-18 | 19-21 | 22-24 | 25-27 || total
---------------------------+-------+-------+-------+-------+-------+-------+-------+-------+-------++-------
  Melee: Short sword       |    66 |     5 |     2 |       |       |       |       |       |       ||    73
         Dagger            |     5 |       |       |     1 |     6 |     2 |       |       |       ||    14
         Sling             |       |       |     1 |       |       |       |       |       |       ||     1
         Arbalest          |       |       |       |       |     2 |     5 |       |       |       ||     7
   Fire: Sling             |       |   136 |   345 |   151 |       |       |       |       |       ||   632
         Shortbow          |       |       |       |   123 |       |       |       |       |       ||   123
         Orcbow            |       |       |       |   567 |  1597 |       |       |       |       ||  2164
         Arbalest          |       |       |       |       |    58 |  1357 |   431 |       |       ||  1846
         Triple crossbow   |       |       |       |       |       |       |   594 |  1058 |  1401 ||  3053
  Throw: Dart              |       |       |    10 |    13 |     6 |       |       |       |       ||    29
 Invoke: Heroism           |       |       |     2 |    12 |    21 |    21 |     4 |     2 |     5 ||    67
         Finesse           |       |       |       |       |     7 |     6 |     5 |     3 |    13 ||    34
         Duel              |       |       |       |       |     1 |       |     1 |       |     3 ||     5
         Receive Weapon    |       |       |       |       |       |       |     1 |       |       ||     1
         Receive Armour    |       |       |       |       |       |       |     1 |       |       ||     1
Ability: Evoke Blink       |       |       |       |       |       |       |     1 |       |       ||     1
  Evoke: Wand              |       |       |       |    14 |       |     3 |     1 |     1 |     2 ||    21
         Lightning rod     |       |       |       |       |       |     7 |     4 |       |       ||    11
         Phial of floods   |       |       |       |       |       |       |     1 |       |       ||     1
         Condenser vane    |       |       |       |       |       |       |       |     1 |     2 ||     3
    Use: Scroll            |     2 |     4 |     5 |     4 |     9 |     7 |     9 |     1 |     6 ||    47
         Potion            |       |       |       |       |     3 |     1 |       |       |     9 ||    13
   Stab: Sleeping          |     2 |       |       |     1 |     4 |     2 |       |       |       ||     9
 Armour: Robe              |    13 |    38 |    59 |    77 |       |       |       |       |       ||   187
         Acid dragon scale |       |       |       |    50 |       |       |       |       |       ||    50
         Steam dragon scal |       |       |       |    48 |       |       |       |       |       ||    48
         Troll leather arm |       |       |       |    53 |   230 |       |       |       |       ||   283
         Leather armour    |       |       |       |       |    59 |   405 |   265 |   145 |   312 ||  1186
  Dodge: Dodged            |    43 |    76 |   151 |   692 |  1148 |  1553 |   970 |   737 |  1182 ||  6552
  Block: Other             |       |       |       |       |       |   250 |   178 |   109 |   157 ||   694
         Reflection        |       |       |       |       |       |     8 |    12 |     7 |     8 ||    35

Table legend: (Time is in decaauts)
 A = Elapsed time spent in this place.
 B = Non-inter-level travel time spent in this place.
 C = Inter-level travel time spent in this place.
 D = Time resting spent in this place.
 E = Time spent auto-exploring this place.
 F = Levels seen in this place.
 G = Mean time per level.
                   A        B        C        D        E       F      G
               +--------+--------+--------+--------+--------+-----+--------+
         Total |  61382 |  54468 |   6914 |    814 |  40280 |  56 | 1096.1 |
       Dungeon |  20869 |  18104 |   2765 |    219 |  14899 |  15 | 1391.3 |
        Temple |     50 |     26 |     24 |      0 |      0 |   1 |   50.0 |
          Lair |   7230 |   6047 |   1183 |     37 |   4184 |   5 | 1446.0 |
         Swamp |   3716 |   3235 |    481 |      0 |   2402 |   4 |  929.0 |
   Spider Nest |   4472 |   4158 |    314 |    171 |   2459 |   4 | 1118.0 |
  Orcish Mines |   3003 |   2645 |    358 |     14 |   1613 |   2 | 1501.5 |
   Elven Halls |   3372 |   3243 |    129 |      0 |   2606 |   3 | 1124.0 |
        Vaults |   8152 |   7508 |    644 |      0 |   5515 |   5 | 1630.4 |
        Depths |   4088 |   3636 |    452 |     57 |   2865 |   4 | 1022.0 |
           Zot |   5188 |   4628 |    560 |    240 |   3208 |   5 | 1037.6 |
        Bazaar |    163 |    163 |      0 |      0 |     89 |   1 |  163.0 |
       Volcano |    351 |    351 |      0 |     36 |      0 |   1 |  351.0 |
        Wizlab |    607 |    607 |      0 |      0 |    437 |   1 |  607.0 |
         Arena |    114 |    114 |      0 |     39 |      0 |   5 |   22.8 |
               +--------+--------+--------+--------+--------+-----+--------+

Top non-repeatable levels by time:
     D:9: 2163 daAuts
   Orc:2: 2008 daAuts
    D:10: 1884 daAuts
     D:7: 1825 daAuts
 Swamp:2: 1812 daAuts
Vaults:3: 1804 daAuts
  Lair:4: 1801 daAuts
Vaults:5: 1799 daAuts
     D:8: 1709 daAuts
     D:4: 1682 daAuts
   Zot:4: 1634 daAuts
   Zot:5: 1631 daAuts
  Lair:5: 1622 daAuts
  Lair:1: 1584 daAuts
     D:6: 1583 daAuts
